 Dungeon Crawl Stone Soup version 0.31-a0-180-g519b7de00c (webtiles) character file.

Game seed: 2254136480776473972

341 qw the Chopper (level 6, -4/38 HPs)
             Began as a Gargoyle Fighter on June 20, 2023.
             Was an Initiate of Okawaru.
             Slain by an ogre
             ... wielding a +0 giant spiked club
              (26 damage)
             ... on level 4 of the Dungeon.
             The game lasted 00:01:42 (2314 turns).

qw the Chopper (Gargoyle Fighter)                   Turns: 2314, Time: 00:01:42

Health: -4/38      AC: 15    Str: 21    XL:     6   Next: 56%
Magic:  6/6        EV:  7    Int:  9    God:    Okawaru [......]
Gold:   54         SH:  4    Dex:  9    Spells: 5/5 levels left

rFire   . . .        Y - +0 war axe
rCold   . . .        c - +0 buckler
rNeg    + . .        l - +0 chain mail
rPois   inf          (no helmet)
rElec   +            (no cloak)
rCorr   .            h - +1 pair of gloves
SInv    .            (no boots)
Will    .....        k - amulet of regeneration Stlth
                     (no ring)
HPRegen 1.06/turn    (no ring)
MPRegen 0.10/turn

%: no passive effects
@: no status effects
A: sickness immunity, AC +4, negative energy resistance 1, electricity
resistance, torment resistance 1, petrification resistance
a: Renounce Religion


You were on level 4 of the Dungeon.
You worshipped Okawaru.
Okawaru was noncommittal.
You visited 1 branch of the dungeon, and saw 4 of its levels.

You collected 54 gold pieces.


Innate Abilities, Weirdness & Mutations

You are immune to sickness and miasma.
Your stone body is resilient. (AC +4)
You are immune to poison.
You resist negative energy. (rN+)
You are resistant to electric shocks. (rElec)
You are resistant to unholy torment.
You are immune to petrification.


   Skills:
 - Level 4.2 Fighting
 + Level 5.7 Axes
 - Level 3.2 Armour
 - Level 3.2 Shields


You had 5 spell levels left.
You didn't know any spells.
Your spell library was empty.

Inventory:

Hand Weapons
 i - a +0 flail
 Y - a +0 war axe (weapon)
Armour
 b - a +2 ring mail of cold resistance
 c - a +0 buckler (worn)
 h - a +1 pair of gloves (worn)
 l - a +0 chain mail (worn)
Jewellery
 k - an amulet of regeneration (around neck)
Scrolls
 j - 2 scrolls of identify
 q - a scroll of teleportation
Potions
 a - a potion of lignification
 d - 3 potions of might
 e - a potion of attraction
 f - a potion of haste
 g - a potion of magic

Dungeon Overview and Level Annotations

Branches:
Dungeon (4/15)
 Temple: D:4-7

Altars:
Okawaru


Message History

You are unaffected.
You hit the orc priest.
You kill the orc priest!
Okawaru accepts your kill.
You closely miss the orc. The orc hits you but does no damage.
You barely miss the orc.
The orc is lightly wounded.
The orc hits you but does no damage.
You barely miss the orc.
The orc is lightly wounded.
The orc barely misses you. You block the orc's attack.
You barely miss the orc. The orc hits you but does no damage.
You slash the orc!
You kill the orc!
Okawaru accepts your kill.
You start resting.
HP restored.
Items here: %% )).
You open the door.
An ogre comes into view. It is wielding a +0 giant spiked club.
The ogre shouts!
Enter note:
Enter note: You hit the ogre.
The ogre is lightly wounded.
The ogre hits you with a +0 giant spiked club!!
Ouch! That really hurt!
You slash the ogre!
The ogre is heavily wounded.
The ogre barely misses you.
You barely miss the ogre.
The ogre is heavily wounded.
The ogre barely misses you.
You slash the ogre!
The ogre is severely wounded.
The ogre hits you with a +0 giant spiked club!!
Ouch! That really hurt!
You die...

......... ......... . .........
..### #....... ......#.....#
......#.....# ......O.....+
###@)...###+######
#...)............#
#................#
+................#
#................#
..##########................#
.............#+#######%#....#
.......).....#...#.....#....###
.............#...#.....#.......


You could see an ogre.

Vanquished Creatures
  A jelly (D:4)
  2 orc priests
  Jessica (D:3)
  An iguana (D:4)
  Terence (D:3)
  Ijyb (D:3)
  An orc wizard (D:3)
  4 adders
  2 worms
  A dart slug (D:1)
  9 orcs
  2 ball pythons
  5 bats
  8 endoplasms
  2 giant cockroaches
  7 goblins
  13 hobgoblins
  5 quokkas
  3 frilled lizards
  A kobold (D:2)
  A quokka zombie (D:3)
  4 rats
75 creatures vanquished.

Notes
Turn   | Place    | Note
-------+----------+-------------------------------------------
     0 | D:1      | qw the Gargoyle Fighter began the quest for the Orb.
     0 | D:1      | Reached XP level 1. HP: 14/14 MP: 1/1
     0 | D:1      | 0 ||| qw: Version: 0.3-a-9-g12657ce
     0 | D:1      | 0 ||| qw: Game counter: 1121
     0 | D:1      | 0 ||| qw: Always use a shield: true
     0 | D:1      | 0 ||| qw: God list: Okawaru
     0 | D:1      | 0 ||| qw: Allow faded altars: false
     0 | D:1      | 0 ||| qw: Do Orc after D:15 true
     0 | D:1      | 0 ||| qw: Do second Lair branch before Depths: true
     0 | D:1      | 0 ||| qw: Lair rune preference: random
     0 | D:1      | 0 ||| qw: Plans: Normal, Zot:1-4, Slime:5, God:TSO, Crypt,
                  | Tomb, Abyss, Pan, Hells, Win
     0 | D:1      | 0 ||| PLANNING D:1-11
    37 | D:1      | Reached skill level 2 in Axes
    83 | D:1      | Reached XP level 2. HP: 19/19 MP: 2/2
    90 | D:1      | 90 ||| Stepping ~*~*~tactically~*~*~ (stealth).
   240 | D:1      | Reached skill level 3 in Axes
   390 | D:1      | Reached XP level 3. HP: 23/23 MP: 3/3
   551 | D:1      | 551 ||| UPGRADING to +1 pair of gloves.
   556 | D:1      | 556 ||| READING scroll labelled VULEUSS KEXIY.
   557 | D:1      | 557 ||| READING 2 scrolls labelled QAYNYO PIRU.
   558 | D:1      | 558 ||| READING scroll labelled OTRID ZISIC.
   562 | D:1      | 562 ||| DRINKING 2 viscous white potions.
   594 | D:2      | 594 ||| Stepping ~*~*~tactically~*~*~ (stealth).
   771 | D:2      | 771 ||| Stepping ~*~*~tactically~*~*~ (stealth).
   776 | D:2      | 776 ||| Stepping ~*~*~tactically~*~*~ (stealth).
   777 | D:2      | 777 ||| Stepping ~*~*~tactically~*~*~ (stealth).
   966 | D:2      | 966 ||| Stepping ~*~*~tactically~*~*~ (stealth).
  1004 | D:2      | Reached XP level 4. HP: 28/28 MP: 4/4
  1044 | D:2      | 1044 ||| UPGRADING to +0 chain mail.
  1054 | D:2      | 1054 ||| DROPPING +0 scale mail.
  1055 | D:2      | 1055 ||| READING scroll labelled XUEXZU HEC.
  1056 | D:2      | 1056 ||| READING scroll labelled JIOLYA COSETAZ.
  1057 | D:2      | 1057 ||| DRINKING 2 red potions.
  1097 | D:2      | 1097 ||| READING 3 scrolls of identify.
  1097 | D:2      | 1097 ||| IDENTIFYING coppery potion
  1098 | D:2      | 1098 ||| READING 2 scrolls of identify.
  1098 | D:2      | 1098 ||| IDENTIFYING bubbling blue potion
  1109 | D:3      | Found a faded altar of an unknown god.
  1130 | D:3      | 1130 ||| Stepping ~*~*~tactically~*~*~ (stealth).
  1132 | D:3      | Noticed Terence
  1133 | D:3      | 1133 ||| Stepping ~*~*~tactically~*~*~ (stealth).
  1140 | D:3      | 1140 ||| Stepping ~*~*~tactically~*~*~ (stealth).
  1146 | D:3      | 1146 ||| Stepping ~*~*~tactically~*~*~ (stealth).
  1147 | D:3      | 1147 ||| Stepping ~*~*~tactically~*~*~ (stealth).
  1164 | D:3      | HP: 6/28 [Terence/+0 mace (3)]
  1167 | D:3      | Killed Terence
  1168 | D:3      | Reached skill level 4 in Axes
  1224 | D:3      | 1224 ||| FLEEEEING.
  1225 | D:3      | 1225 ||| FLEEEEING.
  1227 | D:3      | 1227 ||| FLEEEEING.
  1228 | D:3      | 1228 ||| STAIRDANCE
  1266 | D:3      | 1266 ||| DROPPING +0 club.
  1390 | D:3      | Identified the +2 short sword of Xiguof {vamp, Int+3 SInv}
  1426 | D:3      | Noticed Jessica
  1428 | D:3      | 1428 ||| Stepping ~*~*~tactically~*~*~ (hiding).
  1434 | D:3      | Killed Jessica
  1435 | D:3      | Reached XP level 5. HP: 31/32 MP: 5/5
  1538 | D:3      | 1538 ||| DROPPING +0 mace.
  1563 | D:3      | Noticed Ijyb
  1577 | D:3      | HP: 7/32 [Ijyb/+0 club (3)]
  1581 | D:3      | Killed Ijyb
  1582 | D:3      | Reached skill level 5 in Axes
  1625 | D:3      | 1625 ||| FLEEEEING.
  1626 | D:3      | 1626 ||| FLEEEEING.
  1627 | D:3      | 1627 ||| FLEEEEING.
  1718 | D:3      | 1718 ||| Stepping ~*~*~tactically~*~*~ (hiding).
  1719 | D:3      | 1719 ||| Stepping ~*~*~tactically~*~*~ (hiding).
  1755 | D:3      | 1755 ||| DRINKING 2 potions of curing.
  1755 | D:3      | 1755 ||| (to cure confusion)
  1814 | D:3      | Reached XP level 6. HP: 38/38 MP: 6/6
  2100 | D:3      | 2100 ||| UPGRADING to amulet of regeneration.
  2105 | D:3      | 2105 ||| DROPPING amulet of guardian spirit.
  2106 | D:3      | 2106 ||| READING scroll labelled RUEWEAFIYN.
  2107 | D:3      | 2107 ||| DRINKING 2 fuming inky potions.
  2108 | D:3      | 2108 ||| DRINKING potion of curing.
  2108 | D:3      | 2108 ||| (to cure confusion)
  2109 | D:3      | 2109 ||| DROPPING potion of ambrosia.
  2128 | D:4      | Found an iron altar of Okawaru.
  2129 | D:4      | 2129 ||| PLANNING OKAWARU WORSHIP
  2143 | D:4      | Became a worshipper of Warmaster Okawaru
  2144 | D:4      | 2144 ||| PLANNING D:1-11
  2173 | D:4      | 2173 ||| Stepping ~*~*~tactically~*~*~ (stealth).
  2314 | D:4      | Slain by an ogre

Levels and vault maps discovered:
D:1:      scummos_arrival_checkerplants, layout_rooms, chequers_avenue,
          hangedman_decor_riveting, amcnicky_mini_pool_small
D:2:      layout_rooms, serial_park_tiny_pond, grunt_ministairs_10,
          hangedman_feature_mirror
D:3:      layout_loops_cross, nicolae_ecumenical_pavilion, serial_undead,
          serial_undead_e, serial_undead_f, serial_undead_d, serial_undead_c,
          uniq_terence, uniq_jessica, uniq_ijyb
D:4:      layout_gridville, lemuel_crystal_altar, serial_shops, shop

Skill      XL: |  1  2  3  4  5 |
---------------+----------------+-----
Axes           | 2 3 4 5 |  5.7
Fighting       | 4 |  4.2
Armour         | |  3.2
Shields        | |  3.2

Action                     |  1- 3 |  4- 6 || total
---------------------------+-------+-------++-------
  Melee: War axe           |    96 |   159 ||   255
    Use: Scroll            |     3 |     5 ||     8
         Potion            |     1 |     4 ||     5
 Armour: Scale mail        |    32 |       ||    32
         Chain mail        |       |    77 ||    77
  Dodge: Dodged            |    40 |    39 ||    79
  Block: Buckler           |    19 |    22 ||    41

Table legend:
 A = Non-vault XP
 B = Vault XP
 C = Vault XP percentage of total XP
 D = Non-vault monster count
 E = Vault monster count
 F = Vault count percentage of total count
                 A         B        C        D         E       F
            +---------+---------+-------+---------+---------+-------
      Total |     374 |     114 |  23.4 |      68 |       7 |   9.3
            +---------+---------+-------+---------+---------+-------
        D:1 |      42 |       0 |   0.0 |      23 |       0 |   0.0
        D:2 |      40 |       5 |  11.1 |      15 |       3 |  16.7
        D:3 |     142 |     109 |  43.4 |      20 |       4 |  16.7
        D:4 |     150 |       0 |   0.0 |      10 |       0 |   0.0
            +---------+---------+-------+---------+---------+-------
